 Dungeon Crawl Stone Soup version 0.28-a0-899-gf2b78a14d2 (webtiles) character file.

Game seed: 2865018503136927382

11930 AvatarAndi78 the Spear-Bearer (level 11, -11/99 HPs)
             Began as a Minotaur Berserker on Nov 23, 2021.
             Was an Elder of Trog.
             Shot with an arrow by a centaur warrior (18 damage)
             ... on level 9 of the Dungeon.
             The game lasted 00:23:07 (10904 turns).

AvatarAndi78 the Spear-Bearer (Minotaur Berserker) Turns: 10904, Time: 00:23:08

Health: -11/99     AC: 20    Str: 23    XL:     11   Next: 55%
Magic:  10/10      EV:  9    Int:  6    God:    Trog [****..]
Gold:   544        SH:  4    Dex: 12    Spells: 10/10 levels left

rFire   + . .      SeeInvis .   h - +7 spear of the Magi {freeze, +Blink rN+}
rCold   . . .      Faith    +   e - +0 buckler
rNeg    + . .      Spirit   .   r - +0 plate armour
rPois   .          Reflect  .   l - +2 hat
rElec   .          Harm     .   g - +0 cloak
rCorr   .          Rampage  .   i - +0 pair of gloves
Will    .....                   a - +0 pair of boots
Stlth   ..........              o - amulet of faith
HPRegen 0.26/turn               d - ring of protection from fire
MPRegen 0.12/turn               q - ring of flight

@: on berserk cooldown, flying, slowed, very slow
A: horns 2, retaliatory headbutt, clever 1
a: Renounce Religion, Evoke Blink, Berserk, Trog's Hand, Brothers in Arms


You were on level 9 of the Dungeon.
You worshipped Trog.
Trog was greatly pleased with you.
You visited 1 branch of the dungeon, and saw 9 of its levels.
You also visited: Bailey.

You collected 544 gold pieces.

Inventory:

Hand Weapons
 h - the +7 spear of the Magi (weapon) {freeze, +Blink rN+}
   (You found it on level 8 of the Dungeon)

   It freezes those it strikes, dealing additional cold damage.
   It can also slow down cold-blooded creatures.
   rN:        It protects you from negative energy.
   +Blink:    It lets you blink.
 w - a +4 falchion
 x - a +5 flail of freezing
Armour
 a - a +0 pair of boots (worn)
 e - a +0 buckler (worn)
 g - a +0 cloak (worn)
 i - a +0 pair of gloves (worn)
 l - a +2 hat (worn)
 r - a +0 plate armour (worn)
 s - the +6 scale mail of the Pleiades {-Tele rC++ Will- Int+8}
   (You found it on level 8 of the Dungeon)

   Int:       It affects your intelligence (+8).
   rC:        It greatly protects you from cold.
   -Tele:     It prevents most forms of teleportation.
   Will:      It decreases your willpower.
Jewellery
 d - a ring of protection from fire (left hand)
 o - an amulet of faith (around neck)
 q - a ring of flight (right hand)
 u - an amulet of the acrobat
 v - a ring of protection from cold
Wands
 p - a wand of iceblast (20)
Scrolls
 b - 2 scrolls of magic mapping
 f - a scroll of fog
 j - 6 scrolls of identify
 m - a scroll of teleportation
 n - 2 scrolls of enchant armour
Potions
 c - 3 potions of curing
 k - 5 potions of flight
 t - 2 potions of haste


   Skills:
 + Level 10.0 Fighting
 + Level 10.6 Long Blades
 + Level 5.1(8.8) Axes
 + Level 2.0(3.8) Maces & Flails
 + Level 10.9(11.4) Polearms
 + Level 9.0 Armour
 + Level 7.2 Dodging
 + Level 2.6 Stealth
 + Level 3.2 Shields


You had 10 spell levels left.
You didn't know any spells.
Your spell library was empty.

Dungeon Overview and Level Annotations

Branches:
Dungeon (9/15)             Temple (0/1) D:6            Lair (0/6) D:8
 Bailey (visited)
    Orc: D:9-12

Altars:
Gozag
Kikubaaqudgha

Shops:
D:3 *   D:7 (


Innate Abilities, Weirdness & Mutations

You have a pair of horns on your head.
You reflexively headbutt those who attack you in melee.
Your mind is acute. (Int +2)


Message History

The centaur warrior hits you with a staff of air.
You are electrocuted!
The centaur warrior kicks you but does no damage.
You puncture the centaur warrior! You freeze the centaur warrior.
You headbutt the centaur warrior.
You kill the centaur warrior!
Trog accepts your kill.
Your Fighting skill increases to level 10!
Your Armour skill increases to level 9!
v - a ring of protection from cold
Items here: ( ) | †.
Okay, then.
You feel a strong urge to attack something.
You are no longer berserk.
You are exhausted.
You feel yourself slow down.
A centaur warrior comes into view.
The centaur warrior shouts!
The centaur warrior wields a +0 shortbow.
The centaur warrior shoots an arrow.
The arrow hits you but does no damage.
The centaur warrior shoots an arrow.
The arrow hits you.
The centaur warrior shoots an arrow.
The arrow hits you!
* * * LOW HITPOINT WARNING * * *
Things that are here:
3 large rocks; a cyclops corpse The centaur warrior shoots an arrow.
The arrow hits you but does no damage.
The centaur warrior shoots an arrow.
The arrow hits you.
* * * LOW HITPOINT WARNING * * *
Items here: )))) [[ †.
The centaur warrior shoots an arrow.
The arrow hits you.
* * * LOW HITPOINT WARNING * * *
The centaur warrior shoots an arrow.
The arrow closely misses you.
The centaur warrior shoots an arrow.
The arrow hits you!
* * * LOW HITPOINT WARNING * * *
The centaur warrior shoots an arrow.
The arrow hits you but does no damage.
The centaur warrior shoots an arrow.
The arrow closely misses you.
The centaur warrior shoots an arrow.
The arrow closely misses you.
You fail to use your ability.
The centaur warrior shoots an arrow.
The arrow hits you!!
You die...

###'# #.#.#.##.[[....... ...
#.#.#.##.<[.......
####}#########.#####..[..##.>#
##.#.#.#.##.##......#.....##...
#......c..#.#...#####..........
##.#.#.#.##.#..##.[##..........
#..|.....c#.##.#..(.#..........
#..#.#.#.#.#)..##.##.............
# #.........#)..@#.##.#..........
##.#.#.#.###..##..#.#..........
#.........#####...# #..........
##.#.#.#.##......## #..).......
####.#########.#####..........
...........†................
.........O....#.............
#...........###............
#...........# ####.>......#


You could see a centaur warrior.

Vanquished Creatures
  A centaur warrior (D:9)
  A boulder beetle (D:9)
  5 two-headed ogres
  A cyclops (D:9)
  Joseph (D:8)
  An efreet (D:8)
  3 wyverns
  A basilisk (D:8)
  7 yaks
  2 steam dragons
  6 water moccasins
  6 orc warriors
  2 ice beasts (D:6)
  A sky beast (D:8)
  3 ogres
  5 black bears
  A necrophage (D:6)
  4 wolves (D:8)
  3 centaurs
  A phantom (D:5)
  2 bullfrogs
  A gnoll sergeant (D:6)
  4 scorpions
  A water moccasin zombie (D:6)
  3 water moccasin skeletons
  5 killer bees
  7 wights
  A howler monkey (D:5)
  2 bullfrog zombies
  2 centaur zombies
  2 jellies
  An orc priest (D:7)
  A gnoll shaman (D:6)
  6 hounds
  3 centaur skeletons
  4 iguanas
  6 orc wizards
  A howler monkey zombie (D:6)
  7 gnolls
  A howler monkey skeleton (D:6)
  8 adders
  2 shadow imps
  2 white imps (D:6)
  An ufetubus (D:4)
  An adder skeleton (D:4)
  A worm (D:2)
  3 dart slugs
  21 orcs
  2 bats
  3 endoplasms
  8 hobgoblins
  7 jackals (D:1)
  2 quokkas
  3 ball pythons
  5 frilled lizards
  12 goblins
  12 kobolds
  8 rats
216 creatures vanquished.

Vanquished Creatures (others)
  An orc wizard (D:9)
  3 fungi (D:8)
  16 plants (D:8)
20 creatures vanquished.

Grand Total: 236 creatures vanquished

Notes
Turn   | Place    | Note
-------+----------+-------------------------------------------
     0 | D:1      | AvatarAndi78 the Minotaur Berserker began the quest for the
                  | Orb.
     0 | D:1      | Reached XP level 1. HP: 19/19 MP: 0/0
   186 | D:1      | Reached XP level 2. HP: 27/27 MP: 1/1
   270 | D:1      | You fall into a shaft and drop 1 floor!
   324 | D:1      | Found a faded altar of an unknown god.
   718 | D:1      | Reached ** piety under Trog
   719 | D:1      | Reached XP level 3. HP: 31/33 MP: 2/2
  1635 | D:2      | Found an opulent altar of Gozag.
  2012 | D:2      | Reached XP level 4. HP: 41/41 MP: 3/3
  2364 | D:3      | Noticed a scorpion
  2370 | D:3      | Killed a scorpion
  2371 | D:3      | Reached skill level 1 in Long Blades
  2371 | D:3      | Reached XP level 5. HP: 47/47 MP: 4/4
  2486 | D:3      | Found Ophafoa's General Store.
  2552 | D:3      | Reached skill level 5 in Axes
  2869 | D:4      | Reached skill level 1 in Stealth
  2871 | D:4      | Reached XP level 6. HP: 48/55 MP: 5/5
  3077 | D:4      | Reached skill level 5 in Fighting
  3948 | D:4      | Found an ancient bone altar of Kikubaaqudgha.
  4102 | D:4      | Gained mutation: Your mind is acute. (Int +2) [potion of
                  | mutation]
  4135 | D:5      | Entered Level 5 of the Dungeon
  4150 | D:5      | Reached XP level 7. HP: 48/61 MP: 6/6
  4296 | D:5      | Noticed a two-headed ogre
  4306 | D:5      | Killed a two-headed ogre
  4307 | D:5      | Reached skill level 5 in Dodging
  4307 | D:5      | Reached XP level 8. HP: 70/70 MP: 7/7
  4529 | D:5      | Reached *** piety under Trog
  5460 | D:6      | Reached XP level 9. HP: 78/78 MP: 8/8
  5469 | D:6      | Reached skill level 5 in Armour
  5789 | D:6      | Found a staircase to the Ecumenical Temple.
  5811 | D:6      | Reached skill level 10 in Long Blades
  6520 | D:6      | Reached skill level 1 in Polearms
  7699 | D:7      | Reached **** piety under Trog
  7726 | D:7      | Reached XP level 10. HP: 88/88 MP: 9/9
  7907 | D:7      | Found Sape's Weapon Boutique.
  7911 | D:7      | You fall into a shaft and drop 1 floor!
  7915 | D:8      | Found a flagged portal.
  7923 | D:8      | Noticed Joseph
  7936 | D:7      | Reached skill level 5 in Polearms
  8484 | D:8      | Identified the +7 spear of the Magi {freeze, +Blink rN+}
  8508 | Bailey   | Entered a bailey
  8553 | Bailey   | Noticed an orc knight
  8589 | Bailey   | Noticed an orc knight
  8731 | D:8      | Reached skill level 1 in Maces & Flails
  8756 | D:8      | Reached skill level 1 in Shields
  8788 | D:8      | Killed Joseph
  9086 | D:8      | Identified the +6 scale mail of the Pleiades {-Tele rC++
                  | Will- Int+8}
  9276 | D:8      | Found a staircase to the Lair.
 10098 | D:9      | Reached XP level 11. HP: 67/97 MP: 10/10
 10221 | D:9      | Noticed a two-headed ogre
 10230 | D:9      | Killed a two-headed ogre
 10249 | D:9      | Noticed a two-headed ogre
 10257 | D:9      | Killed a two-headed ogre
 10449 | D:9      | Noticed a boulder beetle
 10463 | D:9      | Killed a boulder beetle
 10512 | D:9      | Noticed a two-headed ogre
 10793 | D:9      | Noticed a two-headed ogre
 10794 | D:9      | Noticed a two-headed ogre
 10807 | D:9      | Killed a two-headed ogre
 10808 | D:9      | Reached skill level 10 in Polearms
 10811 | D:9      | Killed a two-headed ogre
 10870 | D:9      | Noticed a centaur warrior
 10884 | D:9      | Killed a centaur warrior
 10885 | D:9      | Reached skill level 10 in Fighting
 10895 | D:9      | Noticed a centaur warrior
 10904 | D:9      | Shot with an arrow by a centaur warrior

Illustrated notes

Levels and vault maps discovered:
D:1:      saegor_arrival_fortress, layout_basic,
          chequers_ecumenical_altar_twisty, serial_co_window_serial,
          co_window_corner_a, co_window_corner_a, co_window_paths_a,
          co_window_paths_b, co_window_paths_a, co_window_paths_c,
          co_window_cross_4, co_window_cross_2
D:2:      layout_rooms, basic_altar, chequers_serial_rivers_micro_b
D:3:      layout_rooms, serial_shops, shop
D:4:      layout_basic, kiku_gazebo_pond_becter, kennysheep_generic_room_7
D:5:      layout_loops_corners
D:6:      layout_cave_pods, minmay_temple_entry_drinking_statues, serial_park,
          serial_park_square3 [serial_park_minivault_5x5_3], serial_park_square3
          [serial_park_minivault_5x5_8], serial_park_square3
          [serial_park_minivault_5x5_7]
D:7:      layout_basic, serial_shops, nicolae_shop_bloodbath_and_beyond,
          due_unseen_surprise
D:8:      layout_basic, minmay_lair_entry_grove, enter_bailey_2,
          minmay_manual_mandibuliform, uniq_joseph
D:9:      minmay_the_grid_3x3 [minmay_the_grid_dragon_a,
          minmay_the_grid_outer_circle, minmay_the_grid_armoury,
          minmay_the_grid_stretched_grid, minmay_the_grid_expand,
          minmay_the_grid_fan, minmay_the_grid_minigrid_small_alt,
          minmay_the_grid_aliased_spiral,
          minmay_the_grid_prize_shrinking_boxes], layout_cave_pools,
          chequers_serial_rivers_micro_c

Skill      XL: |  1  2  3  4  5  6  7  8  9 10 11 |
---------------+----------------------------------+-----
Axes           | 4 5 |  5.1
Fighting       | 4 5 6 8 9 10 | 10.0
Dodging        | 3 4 5 6 7 |  7.2
Long Blades    | 1 3 4 7 9 10 | 10.6
Stealth        | 1 2 |  2.6
Armour         | 3 4 5 7 9 |  9.0
Polearms       | 4 8 10 | 10.9
Maces & Flails | 2 |  2.0
Shields        | 2 3 |  3.2

Action                   |  1- 3 |  4- 6 |  7- 9 | 10-12 || total
-------------------------+-------+-------+-------+-------++-------
Melee: Hand axe          |    46 |       |       |       ||    46
       Headbutt          |    13 |    18 |    47 |    53 ||   131
       Scimitar          |    39 |    84 |   114 |       ||   237
       Trident           |       |       |   108 |    21 ||   129
       Spear             |       |       |       |   274 ||   274
       Flail             |       |       |       |     9 ||     9
Invok: Berserk           |       |     4 |     7 |     4 ||    15
       Trog's Hand       |       |       |     7 |     7 ||    14
Evoke: Wand              |       |       |     1 |       ||     1
  Use: Scroll            |       |     9 |     3 |     2 ||    14
       Potion            |       |     3 |     5 |     5 ||    13
 Stab: Sleeping          |       |       |     1 |       ||     1
       Invisible         |       |       |       |     1 ||     1
Armor: Animal skin       |    11 |       |       |       ||    11
       Leather armour    |     6 |    34 |    70 |       ||   110
       Plate armour      |       |       |    30 |   159 ||   189
Dodge: Dodged            |    50 |    55 |   150 |   114 ||   369
Block: Buckler           |       |       |     9 |    39 ||    48

Table legend: (Time is in decaauts)
 A = Elapsed time spent in this place.
 B = Non-inter-level travel time spent in this place.
 C = Inter-level travel time spent in this place.
 D = Time resting spent in this place.
 E = Time spent auto-exploring this place.
 F = Levels seen in this place.
 G = Mean time per level.
                   A        B        C        D        E       F      G
               +--------+--------+--------+--------+--------+-----+--------+
         Total |  11004 |  10645 |    359 |      0 |   8896 |  10 | 1100.4 |
       Dungeon |  10896 |  10537 |    359 |      0 |   8874 |   9 | 1210.7 |
        Bailey |    107 |    107 |      0 |      0 |     22 |   1 |  107.0 |
               +--------+--------+--------+--------+--------+-----+--------+

Top non-repeatable levels by time:
     D:6: 1732 daAuts
     D:8: 1658 daAuts
     D:5: 1631 daAuts
     D:1: 1488 daAuts
     D:4: 1365 daAuts
     D:7: 1017 daAuts
     D:2: 934 daAuts
     D:9: 633 daAuts
     D:3: 435 daAuts
  Bailey: 107 daAuts
